 Dungeon Crawl Stone Soup version 0.28.0 (webtiles) character file.

Game seed: 14440094386108616825

77 Alacron the Magician (level 4, -7/31 HPs)
             Began as a Djinni Hedge Wizard on Feb 16, 2022.
             Killed from afar by an orc wizard (9 damage)
             ... with a magic dart
             ... on level 2 of the Dungeon.
             The game lasted 00:04:13 (2153 turns).

Alacron the Magician (Djinni Hedge Wizard)          Turns: 2153, Time: 00:04:14

Health: -7/31      AC:  2    Str: 11    XL:     4   Next: 58%
Gold:   135        EV: 12    Int: 15    God:
                   SH:  0    Dex: 13

rFire   + + .      SeeInvis .   a - +0 dagger
rCold   x . .      Faith    .   (no shield)
rNeg    . . .      Spirit   .   b - +0 robe
rPois   ∞          Reflect  .   c - +0 hat
rElec   .          Harm     .   (no cloak)
rCorr   .          Rampage  .   (no gloves)
Will    .....                   (boots unavailable)
Stlth   ++........              (no amulet)
HPRegen 0.10/turn               (no ring)
MPRegen 0.00/turn               (no ring)

@: flying
A: sickness immunity, fire resistance 2, cold vulnerability 1, float, innate
caster, HP casting, extra vitality 1
a: no special abilities


You were on level 2 of the Dungeon.
You visited 1 branch of the dungeon, and saw 3 of its levels.

You collected 135 gold pieces.

Inventory:

Hand Weapons
 a - a +0 dagger (weapon)
Armour
 b - a +0 robe (worn)
 c - a +0 hat (worn)
Jewellery
 e - a ring of wizardry
 j - a ring of ice
Scrolls
 d - 2 scrolls of noise {unknown}
 f - 2 scrolls of teleportation {unknown}
 k - a scroll of identify {unknown}
 l - a scroll of brand weapon {unknown}
 m - a scroll of blinking {unknown}
 n - a scroll of silence {unknown}
 o - a scroll of holy word {unknown}
Potions
 g - a potion of degeneration {unknown}
 h - a potion of heal wounds {unknown}
 i - a potion of mutation {unknown}


   Skills:
 + Level 2.5 Dodging
 - Level 1.7 Stealth
 * Level 3.7 Spellcasting


You couldn't memorise any spells.
You knew the following spells:

 Your Spells              Type           Power      Damage    Failure   Level
a - Magic Dart            Conj           56%        1d5       4%          1
b - Blink                 Tloc           28%        N/A       6%          2
c - Call Imp              Summ           14%        N/A       6%          2
d - Slow                  Hex            56%        N/A       4%          1
e - Conjure Flame         Conj/Fire      14%        6-21      12%         3
f - Mephitic Cloud        Conj/Pois/Air  14%        N/A       12%         3
g - Summon Small Mammal   Summ           56%        N/A       4%          1
Your spell library was empty.

Dungeon Overview and Level Annotations

Branches:
Dungeon (3/15)

Altars:


Innate Abilities, Weirdness & Mutations

You are immune to sickness and miasma.
You are immune to poison.
Your flesh is very heat resistant. (rF++)
You are vulnerable to cold. (rC-)
You float through the air rather than walking.
You learn spells naturally, not from books.
Your magical power is your life essence.
You have superior vitality. (+4 MHP)


Message History

The orc wizard hits you with a +0 whip.
Aiming: Magic Dart (safe; 4% risk of failure)
Press: ? - help, Q - select action, (/) - cycle Shift-Dir - straight line, f/p - orc wizard
Aim: an orc wizard, wielding a +0 whip and wearing a +0 robe (moderately wounded, 100% to hit)
You miscast Magic Dart.
You are very lightly contaminated with residual magic.
Nothing appears to happen.
The orc hits you but does no damage. The orc wizard hits you with a +0 whip.
* * * LOW HITPOINT WARNING * * *
Aiming: Magic Dart (safe; 4% risk of failure)
Press: ? - help, Q - select action, (/) - cycle Shift-Dir - straight line, f/p - orc wizard
Aim: an orc wizard, wielding a +0 whip and wearing a +0 robe (moderately wounded, 100% to hit)
The magic dart hits the orc wizard.
The orc wizard is heavily wounded.
* * * LOW HITPOINT WARNING * * *
The orc closely misses you. The orc wizard hits you with a +0 whip.
* * * LOW HITPOINT WARNING * * *
The orc closely misses you. The orc wizard closely misses you.
You fly upwards.
There is a stone staircase leading down here.
The orc wizard misses you.
Your magical contamination has completely faded away.
You reach down and open the door.
The orc misses you.
There is an open door here.
Aiming: Magic Dart (safe; 4% risk of failure)
Press: ? - help, Q - select action, (/) - cycle Shift-Dir - straight line, f - orc
Aim: an orc, wielding a +0 club (100% to hit)
The magic dart hits the orc.
The orc is almost dead.
* * * LOW HITPOINT WARNING * * *
The orc closely misses you.
The orc wizard gestures at you while chanting.
You resist with some effort. The orc wizard casts a spell at you.
The puff of flame misses you.
There is an escape hatch in the ceiling here.
The orc barely misses you. The orc wizard casts a spell at you.
The magic dart hits you!
You die...

#.######...#.##.# ###.#
#.#<#.##.# #...# #.###.##.# #.###
#.....##.# ####'###############.#
#.....##.........# #.#
#.....##.........# #.######
#.....##...).....# #.#.....
##########'###..@o.....###.##.###
.............'.........'....>..><
##########..##.........###.#.####
'...######..##.....o...###o#.....
#.........(.####.........#.######
#.##.######....'.........'.#.....
#.##..#.......##.........###.####
#.###.#.......##.........# #.####
#.# #.#.......##.........# #....#


You could see an orc wizard and an orc.

Vanquished Creatures
  An orc priest (D:3)
  An adder (D:3)
  A dart slug (D:2)
  3 orcs (D:3)
  7 ball pythons
  2 endoplasms
  3 goblins
  3 hobgoblins
  2 quokkas
  A bat (D:2)
  6 frilled lizards
  2 kobolds
  A rat (D:3)
33 creatures vanquished.

Notes
Turn   | Place    | Note
-------+----------+-------------------------------------------
     0 | D:1      | Alacron the Djinni Hedge Wizard began the quest for the
                  | Orb.
     0 | D:1      | Reached XP level 1. HP: 15/15 MP: 0/0
   554 | D:1      | Reached XP level 2. HP: 19/21 MP: 0/0
  1218 | D:2      | Reached skill level 3 in Spellcasting
  1218 | D:2      | Reached XP level 3. HP: 18/25 MP: 0/0
  1218 | D:2      | Learned a level 1 spell: Summon Small Mammal
  1755 | D:3      | Reached XP level 4. HP: 24/31 MP: 0/0
  2120 | D:3      | Identified the +10 war axe of Xuimn {distort, Int+5}
  2134 | D:3      | HP: 1/31 [orc wizard (4)]
  2153 | D:2      | Killed from afar by an orc wizard

Illustrated notes

Levels and vault maps discovered:
D:1:      minmay_arrival_diagonal_passages, layout_rooms, corner_web_ring,
          minmay_shallow_snake_nest
D:2:      minmay_wonky_spiral, layout_basic
D:3:      layout_rooms, hellmonk_ecumenical_altar_watching_god

Skill      XL: |  1  2 |
---------------+-------+-----
Spellcasting   | 3 |  3.7
Dodging        | |  2.5
Stealth        | |  1.7

Action                   |  1- 3 |  4- 6 || total
-------------------------+-------+-------++-------
 Cast: Magic Dart        |    55 |    28 ||    83
Armor: Robe              |       |     1 ||     1
Dodge: Dodged            |     2 |     9 ||    11
